 Dungeon Crawl Stone Soup version 0.16.2-12-gd0ad4c3 (webtiles) character file.

116 faibistes the Magician (level 4, -5/24 HPs)
             Began as a Deep Elf Wizard on Mar 28, 2018.
             Was an Initiate of Sif Muna.
             Shot with an arrow by a centaur (10 damage)
             ... on level 4 of the Dungeon.
             The game lasted 00:09:06 (3822 turns).

faibistes the Magician (Deep Elf Wizard)            Turns: 3822, Time: 00:09:06

Health: -5/24      AC:  2    Str:  4    XL:     4   Next: 70%
Magic:  15/18      EV: 13    Int: 24    God:    Sif Muna [......]
Gold:   195        SH:  0    Dex: 13    Spells: 6 memorised, 1 level left

rFire  . . .     SeeInvis .     j - +1 dagger
rCold  . . .     Clarity  .     a - +0 robe
rNeg   . . .     SustAb   .     (no shield)
rPois  .         Gourm    .     b - +0 hat
rElec  .         Spirit   .     (no cloak)
rCorr  .         Warding  .     (no gloves)
rMut   .         Stasis   .     (no boots)
MR     .....                    (no amulet)
Stlth  ++........               (no ring)
                                (no ring)

@: very slightly contaminated, repel missiles, not resistant to hostile
enchantments, unstealthy
A: no striking features
a: Renounce Religion


You were on level 4 of the Dungeon.
You worshipped Sif Muna.
Sif Muna was noncommittal.
You were not hungry.

You visited 2 branches of the dungeon, and saw 6 of its levels.

You collected 195 gold pieces.

Inventory:

Hand weapons
 g - a +0 club
 j - a +1 dagger (weapon)
Armour
 a - a +0 robe (worn)
 b - a +0 hat (worn)
Jewellery
 w - an uncursed amulet of clarity {unknown}
Scrolls
 e - 2 scrolls of enchant weapon
 f - a scroll of enchant armour {unknown}
 h - 2 scrolls of remove curse
 i - 2 scrolls of identify {unknown}
 m - a scroll of noise {unknown}
 o - a scroll of immolation {unknown}
 p - a scroll of random uselessness {unknown}
 t - a scroll of amnesia {unknown}
 u - 2 scrolls of recharging {unknown}
 y - a scroll of teleportation {unknown}
Potions
 k - 2 potions of haste {unknown}
 q - 2 potions of restore abilities {unknown}
 r - 2 potions of curing {unknown}
 s - a potion of invisibility {unknown}
 v - a potion of magic {unknown}
 x - a potion of might {unknown}
 A - a potion of brilliance {unknown}
Books
 c - a book of Minor Magic

   Spells                             Type                      Level
   a - Magic Dart                     Conjuration                  1
   b - Blink                          Translocation                2
   c - Call Imp                       Summoning                    2
   d - Repel Missiles                 Charms/Air                   2
   e - Slow                           Hexes                        2
   f - Conjure Flame                  Conjuration/Fire             3
   g - Mephitic Cloud                 Conjuration/Poison/Air       3
Comestibles
 d - 3 bread rations
 l - a meat ration
 n - a beef jerky
 z - a chunk of flesh


   Skills:
 + Level 3.2 Dodging
 - Level 2.4 Stealth
 * Level 5.9 Spellcasting
 * Level 3.2 Conjurations
 - Level 1.1 Summonings
 - Level 1.1 Translocations


You had one spell level left.
You knew the following spells:

 Your Spells              Type           Power        Failure   Level  Hunger
a - Magic Dart            Conj           ###.         1%          1    None
b - Conjure Flame         Conj/Fire      ###.....     14%         3    #......
c - Call Imp              Summ           ##......     10%         2    None
d - Blink                 Tloc           N/A          10%         2    None
e - Mephitic Cloud        Conj/Pois/Air  ##......     17%         3    #......
f - Repel Missiles        Chrm/Air       #.....       14%         2    None


Dungeon Overview and Level Annotations

Branches:
Dungeon (5/15)             Temple (1/1) D:4

Altars:
Cheibriados
Dithmenos
Fedhas
Kikubaaqudgha
Makhleb
Ru
Sif Muna
Trog
Vehumet
Xom
Zin
The Shining One


Message History

A centaur comes into view.
The centaur shouts!
The centaur wields a shortbow.
The centaur shoots an arrow.
The arrow hits you!
You see here an arrow.
Casting: Magic Dart
Confirm with . or Enter, or press ? or * to list all spells.
You can't see any susceptible monsters within range! (Use Z to cast anyway.)
The centaur shoots an arrow.
The arrow hits you!
* * * LOW HITPOINT WARNING * * *
You see here an arrow.
The centaur shoots an arrow.
The arrow misses you.
Casting: Magic Dart
Confirm with . or Enter, or press ? or * to list all spells.
Aiming: Mephitic Cloud
Press: ? - help, Shift-Dir - straight line, f - centaur
Aim: a centaur, wielding a shortbow You miscast Mephitic Cloud.
You are very lightly contaminated with residual magic.
You feel sick.
The centaur shoots an arrow.
The arrow hits you!
You die...

.####.####### #.....#
............####.....####
...##...................#
.#.########...........#.#
....# ###...(.....# #
.#..# ####.....## ....#
##### #(....##.# .##....
.......#(........ ......#
#..@.......# #.....#
#.#.######## ..... #.#.#
. . # #.# #c# #.# #.# #.#
#.#


You could see a centaur.

Vanquished Creatures
  6 adders
  A giant mite (D:4)
  A worm (D:2)
  A giant gecko (D:4)
  2 oozes (D:3)
  9 bats
  A bat skeleton (D:4)
  4 giant cockroaches
  3 goblins
  2 hobgoblins (D:2)
  A quokka (D:3)
  5 giant newts
  A jackal skeleton (D:4)
  4 kobolds
  11 rats
52 creatures vanquished.

Vanquished Creatures (collateral kills)
  2 kobolds (D:1)
2 creatures vanquished.

Grand Total: 54 creatures vanquished

Notes
Turn   | Place    | Note
--------------------------------------------------------------
     0 | D:1      | faibistes, the Deep Elf Wizard, began the quest for the Orb.
     0 | D:1      | Reached XP level 1. HP: 10/10 MP: 6/6
   766 | D:1      | Reached XP level 2. HP: 15/15 MP: 2/10
   837 | D:1      | Learned a level 2 spell: Blink
   840 | D:1      | Learned a level 2 spell: Call Imp
  1242 | D:1      | Reached skill level 5 in Spellcasting
  1480 | D:3      | Reached XP level 3. HP: 19/19 MP: 7/14
  1532 | D:3      | Learned a level 3 spell: Conjure Flame
  1536 | D:3      | Learned a level 3 spell: Mephitic Cloud
  2106 | D:2      | Learned a level 2 spell: Repel Missiles
  2350 | D:3      | Reached XP level 4. HP: 21/24 MP: 13/17
  2595 | D:5      | Entered Level 5 of the Dungeon
  2595 | D:5      | Noticed a sky beast
  2735 | D:4      | Found a staircase to the Ecumenical Temple.
  2756 | Temple   | Entered the Ecumenical Temple
  2798 | Temple   | Became a worshipper of Sif Muna the Loreminder
  3818 | D:4      | Noticed a centaur
  3822 | D:4      | Shot with an arrow by a centaur

Action                   |  1- 3 |  4- 6 || total
-------------------------+-------+-------++-------
Melee: Unarmed           |    13 |       ||    13
       Club              |     3 |       ||     3
       Dagger            |     1 |       ||     1
 Cast: Magic Dart        |    85 |    40 ||   125
       Call Imp          |     2 |       ||     2
       Conjure Flame     |     1 |     5 ||     6
       Mephitic Cloud    |     1 |     1 ||     2
       Repel Missiles    |     1 |       ||     1
       Blink             |       |     3 ||     3
  Use: Scroll            |       |     2 ||     2
 Stab: Sleeping          |     1 |       ||     1
  Eat: Chunk             |     4 |     5 ||     9
